 Dungeon Crawl Stone Soup version 0.19.1-1-g22dce08 (webtiles) character file.

420 Megalobster the Conjurer (level 6, -3/32 HPs)
             Began as a Deep Elf Conjurer on Jan 16, 2017.
             Slain by dngmouse's ghost (16 damage)
             ... on level 3 of the Dungeon.
             The game lasted 00:14:43 (2618 turns).

Megalobster the Conjurer (Deep Elf Conjurer)        Turns: 2618, Time: 00:14:45

Health: -3/32      AC:  2    Str:  6    XL:     6   Next: 62%
Magic:  1/16       EV: 13    Int: 21    God:
Gold:   137        SH:  0    Dex: 15    Spells: 5 memorised, 1 level left

rFire  . . .     SeeInvis .     t - +1 short sword (holy)
rCold  . . .     Gourm    .     a - +0 robe
rNeg   . . .     Faith    .     (no shield)
rPois  +         Spirit   .     (no helmet)
rElec  .         Reflect  .     (no cloak)
rCorr  .         Harm     .     (no gloves)
MR     .....                    (no boots)
Stlth  ++........               (no amulet)
                                (no ring)
                                i - ring of poison resistance

@: no status effects
A: no striking features
a: no special abilities


You were on level 3 of the Dungeon.
You were not hungry.

You visited 1 branch of the dungeon, and saw 3 of its levels.

You collected 137 gold pieces.

Inventory:

Hand Weapons
 t - a +1 short sword of holy wrath (weapon)
 u - a +0 trident
 v - a +1 dagger of draining
Armour
 a - a +0 robe (worn)
 e - a cursed +0 buckler
 j - a +0 robe
Jewellery
 i - a ring of poison resistance (left hand)
Scrolls
 d - a scroll of teleportation {unknown}
 g - 2 scrolls of amnesia {unknown}
 h - 2 scrolls of identify {unknown}
 n - a scroll of recharging {unknown}
 o - 2 scrolls of blinking {unknown}
 p - 2 scrolls of fog {unknown}
 s - a scroll of enchant weapon {unknown}
Potions
 k - 2 potions of curing {unknown}
 q - a potion of beneficial mutation {unknown}
 r - a potion of berserk rage {unknown}
Books
 b - a book of Conjurations

   Spells                             Type                      Level
   a - Magic Dart                     Conjuration                  1
   b - Searing Ray                    Conjuration                  2
   c - Dazzling Spray                 Conjuration/Hexes            3
   d - Fulminant Prism                Conjuration/Hexes            4
   e - Iskenderun's Mystic Blast      Conjuration                  4
   f - Iskenderun's Battlesphere      Conjuration/Charms           5
 l - a book of Changes

   Spells                             Type                      Level
   a - Beastly Appendage              Transmutation                1
   b - Sticks to Snakes               Transmutation                2
   c - Spider Form                    Transmutation/Poison         3
   d - Ice Form                       Ice/Transmutation            4
   e - Blade Hands                    Transmutation                5
Comestibles
 c - a bread ration
 f - 8 chunks of flesh
 m - a meat ration


   Skills:
 - Level 2.4 Dodging
 - Level 2.4 Stealth
 + Level 5.7 Spellcasting
 * Level 7.4 Conjurations
 * Level 2.3 Charms


You had one spell level left.
You knew the following spells:

 Your Spells              Type           Power        Failure   Level  Hunger
a - Magic Dart            Conj           ####         1%          1    None
b - Searing Ray           Conj           #####.       1%          2    None
c - Dazzling Spray        Conj/Hex       ###...       10%         3    ##.....
d - Iskenderun's Mystic   Conj           #####...     6%          4    ####...
e - Iskenderun's Battles  Conj/Chrm      ####....     41%         5    #####..


Dungeon Overview and Level Annotations

Branches:
Dungeon (3/15)

Altars:

Annotations:
D:3 dngmouse's ghost, amateur MiFi


Message History

Dngmouse's ghost is almost destroyed.
You finish channeling your searing ray.
Dngmouse's ghost barely misses you.
Casting: Searing Ray
Confirm with . or Enter, or press ? or * to list all spells.
Aiming: Searing Ray
Press: ? - help, Shift-Dir - straight line, f/p - dngmouse's ghost
Aim: dngmouse's ghost (almost destroyed)
Okay, then.
Casting: Searing Ray
Confirm with . or Enter, or press ? or * to list all spells.
Aiming: Dazzling Spray
Press: ? - help, Shift-Dir - straight line, f/p - dngmouse's ghost
Aim: dngmouse's ghost (almost destroyed)
The spray of energy hits dngmouse's ghost.
Dngmouse's ghost is almost destroyed.
The spray of energy hits the orc wizard.
The orc wizard is heavily wounded.
The orc wizard closely misses you. Dngmouse's ghost hits you!
Ouch! That really hurt!
You die...

... ... o. .........
..............#
...(....#.##..########
...#.......##.......<#
...##..##..){##....#.#
..###..##.##.........#
...##..##.###..o..####
........(.....#W@.#
..)........####...#
......#.#### #####
[...#....# ....##.#.#
######..... #.....#
##....# ....#


You could see an orc wizard and dngmouse's ghost.

Vanquished Creatures
  Grinder (D:3)
  2 orc priests (D:3)
  Jessica (D:2)
  2 orc wizards (D:3)
  4 adders (D:2)
  3 dart slugs
  5 orcs (D:3)
  A ball python (D:2)
  7 bats
  3 giant cockroaches
  3 goblins
  6 hobgoblins
  A jackal (D:2)
  4 frilled lizards
  10 kobolds
  6 rats
59 creatures vanquished.

Notes
Turn   | Place    | Note
-------+----------+-------------------------------------------
     0 | D:1      | Megalobster the Deep Elf Conjurer began the quest for the Orb.
     0 | D:1      | Reached XP level 1. HP: 10/10 MP: 6/6
   178 | D:1      | Reached XP level 2. HP: 15/15 MP: 0/8
   294 | D:1      | Learned a level 2 spell: Searing Ray
   659 | D:2      | Reached skill level 5 in Conjurations
   659 | D:2      | Reached XP level 3. HP: 19/19 MP: 5/10
  1359 | D:2      | Noticed Jessica
  1380 | D:2      | Killed Jessica
  1380 | D:2      | Reached XP level 4. HP: 24/24 MP: 8/12
  1980 | D:3      | Learned a level 3 spell: Dazzling Spray
  2135 | D:3      | Noticed Grinder
  2144 | D:3      | Killed Grinder
  2144 | D:3      | Reached skill level 5 in Spellcasting
  2144 | D:3      | Reached skill level 7 in Conjurations
  2144 | D:3      | Reached XP level 5. HP: 17/28 MP: 2/15
  2144 | D:3      | Reached XP level 6. HP: 20/32 MP: 2/16
  2246 | D:3      | Learned a level 4 spell: Iskenderun's Mystic Blast
  2252 | D:3      | Learned a level 5 spell: Iskenderun's Battlesphere
  2271 | D:3      | Reached skill level 1 in Charms
  2608 | D:3      | Noticed dngmouse's ghost (amateur MiFi)
  2618 | D:3      | Slain by dngmouse's ghost

Skill      XL: |  1  2  3  4  5  6 |
---------------+-------------------+-----
Conjurations   | 5 7 |  7.4
Spellcasting   | 4 5 |  5.7
Charms         | 2 |  2.3
Dodging        | |  2.4
Stealth        | |  2.4

Action                   |  1- 3 |  4- 6 || total
-------------------------+-------+-------++-------
Melee: Dagger            |       |     2 ||     2
 Cast: Magic Dart        |    54 |    51 ||   105
       Searing Ray       |     2 |    10 ||    12
       Dazzling Spray    |       |     1 ||     1
  Eat: Beef jerky        |     1 |       ||     1
       Bread ration      |       |     1 ||     1
       Chunk             |       |     1 ||     1
Armor: Robe              |     1 |     2 ||     3
Dodge: Dodged            |     2 |    12 ||    14
